Map: Automaton LE

Players

Minatoeh (Minato)

  • Race: Zerg Zerg
  • Spawn Location: 9:00

BratOK (Brat_OK) - Winner!

  • Race: Terran Terran
  • Spawn Location: 3:00

Event: 2019 WCS Spring

VOD

Have the link to the VOD?

Description

Time

  • Played on: May 17, 2019, 12:24 p.m.
  • Length: 14:48

All games in this series

Show
View Real Time Build Order
Export as new Build Order

Minatoeh Zerg 

Build Orders: Hatch First, Roach Hydra 

Get SALT Encoding   

  12  0:01  Drone  
  13  0:12  Overlord  
  13  0:18  Drone  
  14  0:31  Drone x2  
  16  0:51  Hatchery  
  16  0:53  Drone  
  16  0:56  Drone  
  17  1:00  Drone  
  18  1:13  Extractor  
  18  1:16  Spawning Pool  
  16  1:19  Drone  
  16  1:22  Drone  
  18  1:30  Drone  
  19  1:39  Drone  
  20  1:53  Drone  
  21  2:03  Queen  
  21  2:05  Queen, Zergling x4  
  27  2:19  Hatchery  
  27  2:22  Overlord  
  26  2:27  Metabolic Boost  
  26  2:31  Drone  
  26  2:35  Drone  
  28  2:39  Drone  
  28  2:46  Drone x2  
  28  2:47  Drone  
  28  2:51  Drone  
  32  2:57  Queen  
  34  3:00  Drone  
  34  3:04  Overlord  
  35  3:13  Drone  
  35  3:15  Overlord  
  36  3:22  Drone  
  36  3:24  Zergling x8  
  41  3:31  Queen  
  41  3:33  Queen  
  43  3:51  Drone x7  
  49  3:57  Drone  
  50  4:03  Drone x3  
  50  4:05  Drone  
  50  4:07  Drone  
  50  4:08  Drone  
  56  4:14  Overlord  
  56  4:18  Overlord  
  56  4:19  Overlord  
  56  4:31  Overlord x2  
  56  4:37  Evolution Chamber x2  
  56  4:38  Spore Crawler x2  
  53  4:39  Spore Crawler, Zergling x4  
  53  4:40  Zergling x2  
  54  4:46  Queen  
  54  4:49  Zergling x6  
  59  4:55  Drone x2  
  59  4:59  Drone x2  
  63  5:00  Spore Crawler  
  63  5:03  Zerg Ground Armor Level 1  
  62  5:07  Drone x2  
  62  5:11  Zerg Melee Weapons Level 1  
  64  5:21  Drone x8  
  68  5:34  Zergling x14  
  68  5:39  Zergling x2  
  68  5:40  Zergling x6  
  70  5:48  Zergling x8  
  73  5:50  Zergling x2  
  74  6:01  Overlord x2  
  74  6:02  Overlord  
  74  6:05  Roach Warren  
  73  6:13  Extractor  
  73  6:14  Drone x2  
  68  6:36  Drone x12  
  74  6:44  Lair  
  74  6:47  Extractor  
  74  6:48  Drone x8  
  74  6:49  Extractor  
  74  6:50  Extractor  
  74  6:53  Extractor  
  77  6:58  Roach x4  
  85  7:05  Hatchery, Overlord  
  85  7:06  Overlord x2  
  85  7:07  Zerg Missile Weapons Level 1  
  84  7:09  Drone  
  84  7:12  Drone  
  84  7:13  Drone x2  
  84  7:14  Drone x3  
  93  7:15  Roach  
  93  7:26  Roach x3  
  93  7:27  Roach x3  
  105  7:33  Roach x2  
  109  7:37  Overlord  
  109  7:40  Roach  
  110  7:44  Glial Reconstitution  
  110  7:47  Hydralisk Den  
  110  7:49  Drone x2  
  110  7:51  Infestation Pit, Drone x2  
  110  7:52  Drone x4  
  110  7:58  Drone x3  
  118  8:03  Drone x2  
  118  8:04  Overseer x2  
  121  8:06  Zerg Ground Armor Level 2  
  121  8:08  Spore Crawler  
  121  8:10  Extractor  
  121  8:12  Extractor  
  118  8:14  Queen  
  118  8:18  Drone x3  
  118  8:19  Drone x3  
  124  8:20  Queen  
  124  8:24  Grooved Spines  
  126  8:34  Hydralisk x3, Roach  
  126  8:36  Overlord x2  
  126  8:37  Overlord  
  134  8:47  Overlord x5  
  134  8:49  Hive  
  134  9:01  Hydralisk x2  
  134  9:02  Hydralisk x2, Roach x4  
  150  9:05  Hydralisk, Roach  
  150  9:09  Zerg Missile Weapons Level 2  
  151  9:17  Hydralisk x3  
  151  9:18  Roach x3  
  163  9:25  Infestor  
  163  9:27  Infestor  
  167  9:35  Muscular Augments  
  166  9:49  Infestor x3  
  166  9:52  Drone x3  
  165  9:53  Hydralisk x2  
  165  9:54  Roach  
  165  9:55  Spine Crawler x2  
  165  9:56  Spine Crawler  
  168  10:03  Hydralisk x3  
  168  10:04  Roach x2  
  176  10:12  Hydralisk x3  
  176  10:13  Roach x2  
  176  10:15  Hatchery  
  176  10:17  Hydralisk  
  176  10:18  Roach x3  
  177  10:29  Hydralisk x2, Roach  
  177  10:31  Overlord x2  
  179  10:52  Hydralisk x2  
  179  10:53  Hydralisk x3, Roach x5, Drone  
  171  11:19  Viper x2  
  171  11:20  Viper x2  
  171  11:21  Hydralisk  
  171  11:22  Roach  
  171  11:23  Roach  
  171  11:24  Roach  
  173  11:29  Overseer x2  
  173  11:31  Drone x8  
  181  11:38  Zerg Missile Weapons Level 3  
  175  11:41  Hydralisk, Roach  
  163  11:49  Hydralisk x2  
  163  11:50  Roach x3  
  167  11:55  Extractor, Drone x8  
  167  11:57  Extractor  
  167  11:58  Spine Crawler  
  167  11:59  Hydralisk x3  
  167  12:00  Roach x3, Spine Crawler x2  
  186  12:01  Roach  
  186  12:03  Overseer  
  186  12:05  Overseer  
  186  12:07  Roach  
  186  12:08  Roach  
  190  12:13  Hydralisk x2  
  190  12:14  Roach  
  194  12:19  Hydralisk x2  
  194  12:20  Roach x2  
  194  12:22  Roach  
  198  12:23  Roach  
  200  12:34  Hatchery  
  200  12:35  Drone x2  
  185  12:44  Hydralisk x3  
  185  12:45  Hydralisk, Roach x3  
  195  12:54  Hydralisk, Roach x3  
  195  12:55  Roach  
  193  13:16  Roach  
  193  13:17  Overlord x4  
  172  13:23  Hydralisk  
  172  13:24  Hydralisk x2, Roach x2  
  172  13:25  Roach  
  168  13:32  Hydralisk x4  
  168  13:33  Hydralisk, Roach x5  
  167  13:34  Roach  
  155  13:41  Hydralisk x2  
  155  13:42  Hydralisk, Roach x2  
  153  13:49  Hydralisk x2, Roach x2  
  153  13:50  Roach  
  159  13:57  Hydralisk x2, Roach x2  
  167  14:03  Hydralisk, Hatchery  
  167  14:06  Hydralisk x2  
  167  14:07  Roach  
  167  14:09  Overlord x2  
  174  14:10  Overseer  
  174  14:12  Overseer x2  
  174  14:13  Overseer  
  160  14:20  Hydralisk  
  160  14:21  Hydralisk, Roach x3  
  160  14:22  Roach  
  160  14:23  Roach  
  158  14:24  Roach  
Show
View Real Time Build Order
Export as new Build Order

BratOK Terran - Winner!

Build Orders: Gas First Reaper Expand, Hellion Banshee 

Get SALT Encoding   

  12  0:00  SCV  
  13  0:13  SCV  
  14  0:18  Supply Depot  
  14  0:25  SCV  
  15  0:28  Refinery  
  15  0:39  SCV  
  16  0:46  Barracks  
  16  0:51  SCV  
  17  1:03  SCV  
  18  1:15  SCV  
  19  1:33  Reaper, Orbital Command  
  20  1:45  Command Center  
  20  1:54  Factory  
  20  1:58  SCV  
  21  2:06  Barracks Reactor, Refinery  
  21  2:10  SCV  
  21  2:15  Supply Depot  
  22  2:23  SCV  
  23  2:36  SCV  
  24  2:40  Starport  
  24  2:49  SCV  
  24  2:51  Hellion x2  
  29  2:57  Orbital Command  
  29  3:01  Barracks Tech Lab  
  29  3:05  SCV  
  29  3:12  Hellion x2  
  34  3:22  SCV  
  34  3:23  SCV  
  34  3:26  Viking  
  38  3:30  Cloaking Field  
  38  3:36  SCV x2  
  42  3:41  Hellion  
  42  3:48  SCV x2  
  43  3:55  Supply Depot  
  39  3:56  Barracks Tech Lab, Banshee  
  39  4:00  SCV  
  39  4:01  Hellion  
  45  4:16  Hellion  
  47  4:17  Supply Depot  
  47  4:18  SCV x2  
  47  4:19  Supply Depot  
  47  4:23  Hellion  
  51  4:30  SCV x2  
  53  4:39  Hellion, Banshee  
  53  4:42  SCV  
  53  4:44  Supply Depot  
  59  4:47  SCV  
  59  4:50  Command Center  
  60  4:54  SCV  
  60  4:59  Hellion  
  63  5:01  Hellion  
  63  5:02  SCV  
  63  5:06  SCV, Supply Depot  
  67  5:15  SCV  
  68  5:24  Hellion  
  68  5:25  SCV, Hellion  
  68  5:27  SCV  
  74  5:37  SCV  
  74  5:39  SCV  
  74  5:40  Factory  
  74  5:46  Factory  
  74  5:49  SCV, Refinery x2  
  75  5:50  Armory  
  75  5:51  SCV  
  75  5:55  Starport Reactor  
  76  5:59  Hellion x2  
  76  6:01  SCV  
  76  6:03  SCV, Orbital Command  
  82  6:13  SCV  
  82  6:15  SCV  
  81  6:20  Hellion x2  
  85  6:29  Factory  
  83  6:32  Factory  
  83  6:35  SCV  
  70  6:40  Hellion  
  70  6:43  Terran Vehicle And Ship Armor Level 1  
  70  6:45  Barracks Tech Lab  
  70  6:47  SCV  
  70  6:49  Orbital Command  
  69  6:55  Infernal Pre-Igniter, Widow Mine  
  69  6:56  Widow Mine  
  69  7:00  SCV x2  
  75  7:06  Command Center  
  75  7:11  Supply Depot  
  75  7:13  Cyclone x2  
  81  7:17  SCV x2  
  81  7:19  SCV, Engineering Bay  
  84  7:29  SCV x2  
  86  7:31  Cyclone  
  86  7:32  Hellion x3  
  86  7:34  SCV  
  96  7:41  SCV x2  
  96  7:43  Mag-Field Accelerator, Supply Depot  
  98  7:45  Cyclone  
  98  7:46  SCV, Missile Turret  
  98  7:47  Missile Turret  
  98  7:50  Refinery x2  
  102  7:51  Cyclone  
  102  7:52  Widow Mine  
  102  7:53  SCV  
  102  7:54  SCV, Drilling Claws  
  109  8:04  SCV, Cyclone, Supply Depot  
  113  8:06  SCV, Supply Depot  
  114  8:19  Orbital Command, Barracks Reactor  
  114  8:20  Factory  
  114  8:22  Factory  
  114  8:23  Factory  
  114  8:27  Cyclone x2  
  114  8:28  Hellion x2  
  114  8:32  SCV  
  114  8:33  SCV x2  
  127  8:36  Supply Depot  
  127  8:37  Supply Depot  
  127  8:38  Supply Depot  
  127  8:49  Cyclone  
  127  8:50  Widow Mine x3  
  127  8:54  SCV x2  
  127  8:55  Refinery x2  
  138  8:59  Cyclone  
  138  9:00  Hellion, Cyclone  
  146  9:08  Factory Tech Lab x2  
  146  9:14  Command Center  
  146  9:16  Hellion  
  146  9:21  Cyclone  
  146  9:22  Supply Depot  
  146  9:23  Supply Depot  
  150  9:24  SCV x3  
  150  9:27  Terran Vehicle And Ship Armor Level 2  
  152  9:31  Cyclone  
  152  9:36  SCV x2  
  157  9:40  Armory  
  157  9:42  Cyclone x2  
  157  9:43  Hellion  
  163  9:49  Cyclone  
  163  9:51  Widow Mine  
  168  9:53  Cyclone  
  168  9:55  SCV x4  
  175  10:03  Cyclone  
  175  10:07  SCV  
  173  10:14  Cyclone x2  
  173  10:15  Hellion x2  
  178  10:22  Cyclone  
  178  10:25  Cyclone  
  178  10:27  Orbital Command  
  181  10:30  Terran Vehicle Weapons Level 1  
  181  10:35  Hellion x3, Cyclone  
  188  10:44  Widow Mine x2  
  188  10:45  Starport Reactor  
  188  10:46  Cyclone x2  
  198  10:54  Factory  
  198  10:55  Factory x2  
  198  10:58  Supply Depot  
  194  11:14  Cyclone x3  
  194  11:15  Hellion  
  170  11:22  Hellion, Cyclone x2  
  170  11:23  Hellion x2  
  175  11:28  Command Center  
  175  11:30  Hellion  
  177  11:37  Hellion  
  177  11:38  Hellion  
  177  11:43  Factory Tech Lab  
  177  11:44  Factory Reactor, Factory Tech Lab  
  177  11:45  Terran Vehicle And Ship Armor Level 3  
  177  11:46  Cyclone x3  
  170  11:54  Cyclone  
  170  11:55  Command Center x2  
  170  11:58  Cyclone  
  170  11:59  Command Center  
  170  12:00  Hellion x2  
  180  12:10  Hellion, Cyclone x2  
  182  12:17  Widow Mine x2  
  182  12:18  Cyclone x2  
  182  12:19  Cyclone  
  193  12:25  Terran Vehicle Weapons Level 2  
  191  12:33  Cyclone x2  
  191  12:34  Widow Mine x3  
  193  12:43  Cyclone x2  
  199  12:44  Widow Mine  
  199  12:51  Cyclone x2  
  185  13:02  Command Center  
  185  13:11  Cyclone x2  
  185  13:12  Hellion  
  174  13:16  Cyclone x2  
  165  13:21  Cyclone  
  165  13:22  Hellion x2  
  165  13:23  Cyclone  
  163  13:32  Hellion, Cyclone  
  163  13:33  Hellion  
  138  13:41  Hellion x3  
  138  13:42  SCV x3  
  138  13:43  SCV x3, Cyclone x2  
  138  13:48  Hellion x3, Cyclone x2  
  156  13:53  Cyclone  
  165  13:56  Planetary Fortress  
  165  14:02  Orbital Command  
  165  14:03  Orbital Command x2  
  165  14:05  Refinery  
  165  14:08  Cyclone x2  
  165  14:09  Hellion x3  
  177  14:15  Cyclone  
  168  14:23  Hellion  
  155  14:30  Refinery  
Tags
 
Add a new tag
Caveats
  • Supply blocks, unpowered buildings, or Contaminate may cause inaccurate times.
  • Supply counts are checked every 10 seconds.